 Dungeon Crawl Stone Soup version 0.26-a0-818-g75db068ed4 (webtiles) character file.

Game seed: 13837749124359994114

5 kreisler the Vexing (level 1, -2/17 HPs)
             Began as a Gnoll Arcane Marksman on Nov 14, 2020.
             Slain by a leopard gecko (4 damage)
             ... on level 1 of the Dungeon.
             The game lasted 00:04:41 (121 turns).

kreisler the Vexing (Gnoll Arcane Marksman)          Turns: 121, Time: 00:04:42

Health: -2/17      AC:  2    Str: 12    XL:     1   Next: 80%
Magic:  4/4        EV: 14    Int: 15    God:
Gold:   12         SH:  0    Dex: 15    Spells: 4/5 levels left

rFire    . . .     SeeInvis .   a - +0 shortbow
rCold    . . .     Faith    .   (shield currently unavailable)
rNeg     . . .     Spirit   .   e - +0 robe
rPois    .         Reflect  .   (no helmet)
rElec    .         Harm     .   (no cloak)
rCorr    .         Rampage  .   (no gloves)
MR       .....                  (no boots)
Stlth    +.........             (no amulet)
HPRegen  0.05/turn              (no ring)
MPRegen  0.09/turn              (no ring)

@: no status effects
A: distributed training, fangs 1, strong nose
a: no special abilities


You were on level 1 of the Dungeon.
You visited 1 branch of the dungeon, and saw 1 of its levels.

You collected 12 gold pieces.

Inventory:

Hand Weapons
 a - a +0 shortbow (weapon)
Missiles
 d - 3 arrows (quivered)
Armour
 c - a +0 helmet
 e - a +0 robe (worn)
 f - a +0 leather armour
Scrolls
 g - a scroll of enchant armour {unknown}


   Skills:
 + Level 2.4 Fighting
 + Level 0.1 Short Blades
 + Level 0.1 Long Blades
 + Level 0.1 Axes
 + Level 0.1 Maces & Flails
 + Level 0.1 Polearms
 + Level 0.1 Staves
 + Level 0.1 Slings
 + Level 4.4 Bows
 + Level 0.1 Crossbows
 + Level 0.1 Throwing
 + Level 0.1 Armour
 + Level 4.4 Dodging
 + Level 0.1 Stealth
 + Level 0.1 Shields
 + Level 0.1 Unarmed Combat
 + Level 2.6 Spellcasting
 + Level 0.1 Conjurations
 + Level 5.3 Hexes
 + Level 0.1 Summonings
 + Level 0.1 Necromancy
 + Level 0.1 Translocations
 + Level 0.1 Transmutations
 + Level 0.1 Fire Magic
 + Level 0.1 Ice Magic
 + Level 0.1 Air Magic
 + Level 0.1 Earth Magic
 + Level 0.1 Poison Magic
 + Level 0.2 Invocations
 + Level 0.1 Evocations


You had 4 spell levels left.
You knew the following spells:

 Your Spells              Type           Power        Failure   Level
a - Corona                Hex            ###....      2%          1

Your spell library contained the following spells:

 Spells                   Type           Power        Failure   Level
 Slow                     Hex            ###.....     3%          2
 Inner Flame              Hex/Fire       ##......     21%         3
 Portal Projectile        Hex/Tloc       ##....       21%         3
 Cause Fear               Hex            ###.......   22%         4
 Leda's Liquefaction      Hex/Erth       ##........   56%         4


Dungeon Overview and Level Annotations

Branches:
Dungeon (1/15)

Altars:


Innate Abilities, Weirdness & Mutations

Your experience applies equally to all skills.
You have very sharp teeth.
Your uncanny sense of smell can sniff out nearby items.


Message History

The bat closely misses you. The bat closely misses you.
The bat closely misses you. The bat hits you but does no damage.
The bat barely misses you. The bat hits you.
* * * LOW HITPOINT WARNING * * *
Found 10 gold pieces.
The bat barely misses you. The bat hits you but does no damage.
Found a shiny helmet.
Things that are here:
4 arrows; a rat corpse; a jackal corpse
d - 4 arrows The bat closely misses you.
Firing (i - inventory)
d - 4 arrows (quivered)
Press: ? - help, Shift-Dir - straight line, f/p - leopard gecko
Aim: a leopard gecko (lightly wounded)
You shoot an arrow. The arrow misses the leopard gecko.
The bat barely misses you. The leopard gecko bites you.
You die...

........#.####......
#....#.# ####.##
#......# #... ###.####
#### ###.#### ########
#......# #....... ..###
#b#.##.# ##+##...
......##.#.##.##♣P.P#...
.(.((((@.......#P♣.♣#...
......##l##....#P♣..'...
....# #.# ....#♣..P#...
[.# #.. .?..#P..♣#... .
####..#.#♣.PP####
....#..♣P# ∆ ...##<.♣♣#
.$.##### ∆


You could see a leopard gecko and a bat.

Vanquished Creatures
  A hobgoblin (D:1)
  2 jackals (D:1)
  A frilled lizard (D:1)
  A rat (D:1)
5 creatures vanquished.

Notes
Turn   | Place    | Note
-------+----------+-------------------------------------------
     0 | D:1      | kreisler the Gnoll Arcane Marksman began the quest for the
                  | Orb.
     0 | D:1      | Reached XP level 1. HP: 17/17 MP: 4/4
   121 | D:1      | Slain by a leopard gecko

Illustrated notes

Levels and vault maps discovered:
D:1:      tarquinn_simple_flora_water_f, layout_loops_cross, tso_metal_star

Action                   || total
-------------------------++-------
Melee: Shortbow          ||     4
 Fire: Shortbow          ||    21
Throw: Javelin           ||     2
 Cast: Corona            ||     1
Armor: Robe              ||    10
Dodge: Dodged            ||    39

Table legend: (Time is in decaauts)
 A = Elapsed time spent in this place.
 B = Non-inter-level travel time spent in this place.
 C = Inter-level travel time spent in this place.
 D = Time resting spent in this place.
 E = Time spent auto-exploring this place.
 F = Levels seen in this place.
 G = Mean time per level.
                   A        B        C        D        E       F      G
               +--------+--------+--------+--------+--------+-----+--------+
         Total |    125 |    125 |      0 |      0 |     24 |   1 |  125.0 |
       Dungeon |    125 |    125 |      0 |      0 |     24 |   1 |  125.0 |
               +--------+--------+--------+--------+--------+-----+--------+

Top non-repeatable levels by time:
     D:1: 125 daAuts
